Cogmind - Beta 13 @@@ ROGUE MODE // 2024.07.03 @ 00:47:58 Player: sormi Result: Destroyed by H-77 Assassin with Coil Gun Performance ------------- Evolutions (7) 3500 Regions Visited (11) 2200 Robots Destroyed (58) 290 Value Destroyed (2197) 2197 Prototype IDs (6) 120 Alien Tech Used (0) 0 Bonus (60) 60 TOTAL SCORE: 8367 Bonus ------- High Alert Combat Kills 53 Follower Combat Kills 33 Friendly Fire -26 Cogmind --------- Core Integrity 0/1300 Matter 300/300 Energy 100/100 System Corruption 6% Temperature Cool (0) Movement Core (50) Location -3/Research Parts ------- > --- POWER (2) -------- (None) > --- PROPULSION (8) --- Improved Gyrokinetic Inverter > --- UTILITY (8) ------ Improved Signal Interpreter > --- WEAPON (3) ------- (None) > --- INVENTORY (5) ---- Micro Antimatter Reactor Improved Gyrokinetic Inverter Advanced Gravity Neutralizer Drone Bay (2/2) Heavy Laser Peak State ------------ > --- POWER ------------ Angular Momentum Engine Micro Fission Core > --- PROPULSION ------- Improved VTOL Module Xenon Bombardment Thruster Xenon Bombardment Thruster Xenon Bombardment Thruster Field Propulsion Drive Field Propulsion Array > --- UTILITY ---------- Advanced Gravity Neutralizer Improved Signal Interpreter Improved Terrain Scanner Seismic Detector Improved Transmission Jammer Reaction Control System Drone Bay > --- WEAPON ----------- Enhanced Gauss Cannon Blade Saw > --- INVENTORY -------- Light Nuclear Core Field Propulsion Array Advanced Melee Analysis Suite [Rating: 87] Favorites ----------- Power Light Nuclear Core Engine Light Ion Engine Power Core Light Nuclear Core Reactor Micro Antimatter Reactor Propulsion Improved Aluminum Leg Leg Improved Aluminum Leg Hover Unit Improved Gyrokinetic Inverter Flight Unit Xenon Bombardment Thruster Utility Large Storage Unit Device ECM Suite Storage Large Storage Unit Processor Improved Signal Interpreter Hackware Hacking Suite Protection Light Armor Plating Weapon Assault Rifle Energy Gun Particle Gun Ballistic Gun Assault Rifle Ballistic Cannon Enhanced Gauss Cannon Launcher Mini Grenade Launcher Special Weapon Advanced Remote Datajack Slashing Weapon Blade Saw Piercing Weapon Enhanced Force Lance Build | -11 -10 -9 -8 -8 -7 -6 -6 -6 -5 -4 -3 ------- Run | Yrd Mat Mat Mat Sto Fac Fac Was Fac Fac Fac Res Slots Evolved 14 | . . 2 2 . 2 2 . . 2 2 2 Power 1 | . . . . . . 1 . . . . . Propulsion 6 | . . 1 . . 1 1 . . 1 . 2 Utility 6 | . . 1 1 . 1 . . . 1 2 . Weapon 1 | . . . 1 . . . . . . . . Parts Attached 115 | 6 5 13 7 34 9 . . 8 5 1 27 Power 19 | 1 . 1 . 4 2 . . 2 1 . 8 Engine 7 | 1 . 1 . 1 . . . 1 . . 3 Core 9 | . . . . 3 2 . . 1 1 . 2 Reactor 3 | . . . . . . . . . . . 3 Propulsion 39 | 2 1 4 1 15 1 . . 3 2 . 10 Treads . | . . . . . . . . . . . . Leg 21 | 2 1 4 1 13 . . . . . . . Wheel . | . . . . . . . . . . . . Hover 4 | . . . . . . . . . . . 4 Flight 14 | . . . . 2 1 . . 3 2 . 6 Utility 25 | 1 2 3 3 3 5 . . 2 1 1 4 Device 14 | . 1 2 . 2 2 . . 2 1 1 3 Storage 3 | 1 1 . 1 . . . . . . . . Processor 3 | . . . 1 . 2 . . . . . . Hackware 2 | . . . . . 1 . . . . . 1 Protection 3 | . . 1 1 1 . . . . . . . Artifact . | . . . . . . . . . . . . Weapon 32 | 2 2 5 3 12 1 . . 1 1 . 5 Energy Gun 8 | . . 2 2 2 . . . . . . 2 Energy Cannon . | . . . . . . . . . . . . Ballistic Gun 14 | 2 1 2 1 8 . . . . . . . Ballistic Cannon 4 | . 1 1 . . . . . . 1 . 1 Launcher 2 | . . . . 2 . . . . . . . Special Weapon 1 | . . . . . . . . . . . 1 Impact Weapon . | . . . . . . . . . . . . Slashing Weapon 2 | . . . . . 1 . . 1 . . . Piercing Weapon 1 | . . . . . . . . . . . 1 Special Melee Weapon . | . . . . . . . . . . . . Unidentified Prototypes 6 | . . 1 . 3 . . . . . . 2 Parts Lost 48 | . . 2 5 14 . . . . 3 . 24 Power 8 | . . . . 3 . . . . . . 5 Propulsion 16 | . . . 3 3 . . . . 1 . 9 Utility 13 | . . 1 2 2 . . . . 2 . 6 Weapon 11 | . . 1 . 6 . . . . . . 4 Highest Loss Streak 10 | . . 2 3 6 . . . . 1 . 10 To Critical Strikes 1 | . . . . . . . . . . . 1 Average Slot Usage (%) 78 | . 93 98 98 94 31 33 33 45 85 73 57 Engine 3 | . 14 11 9 2 . . . . . . 2 Core 4 | . . . . 6 7 6 6 6 9 10 2 Leg 14 | . 28 33 26 24 . . . . . . . Flight 8 | . . . . . 6 6 6 12 29 26 19 Device 13 | . 8 19 13 13 . . . 4 16 21 15 Storage 6 | . 14 11 13 10 . . . . . . . Processor 6 | . . . 2 9 9 13 13 13 10 5 4 Hackware 1 | . . . . . 6 6 6 6 4 . . Energy Gun 3 | . . 3 9 8 . . . . . . . Ballistic Gun 8 | . 18 12 18 17 . . . . . . . Ballistic Cannon 2 | . 10 5 . . . . . . 5 5 2 Slashing Weapon 1 | . . . . . . . . 1 5 5 2 Naked Turns 8 | . . . . 8 . . . . . . . Heaviest Build 49 | 11 30 34 49 48 5 5 5 14 29 30 40 Greatest Support 45 | 20 20 39 39 41 5 5 5 23 36 30 45 Greatest Overweight (x) 3 | 3 1 1 3 2 . . . . . . 2 Average Overweight (x) . | . . . . . . . . . . . . Largest Inventory Capacity 15 | 8 15 15 15 15 5 5 5 5 5 5 5 Average Capacity 10 | 7 10 15 15 14 5 5 5 5 5 5 5 Most Carried 15 | 2 9 15 13 15 5 5 5 5 5 4 5 Average Carried 8 | 1 6 12 12 14 4 5 5 4 4 4 4 Final Capacity 15 | 8 15 15 15 5 5 5 5 5 5 5 5 Final Carried 13 | 2 9 13 13 5 5 5 5 4 5 4 5 Class Distribution -------------------- 34% | Mutant 29% | Sprinter 21% | Gunner 8% | Scavenger-Gunner 3% | Tank Dominant Class ---------------- Mutant | -10/Materials Mutant | -9/Materials Gunner | -8/Materials Gunner | -8/Storage Mutant | -7/Factory Mutant | -6/Factory Mutant | -6/Waste Mutant | -6/Factory Sprinter | -5/Factory Sprinter | -4/Factory Sprinter | -3/Research Resources | -11 -10 -9 -8 -8 -7 -6 -6 -6 -5 -4 -3 ----------- Run | Yrd Mat Mat Mat Sto Fac Fac Was Fac Fac Fac Res Matter Collected 2155 | 245 111 121 225 773 63 . . . 114 . 503 Remotely 4 | . . 4 . . . . . . . . . Salvage Created 2125 | . 100 100 323 1159 . . . . 168 . 275 Parts 124 | . 8 8 17 65 . . . . 15 . 11 Haulers Intercepted . | . . . . . . . . . . . . Recyclers Shooed 6 | . . . 2 4 . . . . . . . Parts Field Recycled . | . . . . . . . . . . . . Retrieved Matter . | . . . . . . . . . . . . Parts Self-Destructed . | . . . . . . . . . . . . Prevented . | . . . . . . . . . . . . Kills | -11 -10 -9 -8 -8 -7 -6 -6 -6 -5 -4 -3 ------- Run | Yrd Mat Mat Mat Sto Fac Fac Was Fac Fac Fac Res Combat Hostiles Destroyed 50 | . 5 4 7 27 . . . . 3 . 4 Melee 3 | . . . . . . . . . 1 . 2 Guns 33 | . 3 4 7 19 . . . . . . . Cannons 6 | . 2 . . . . . . . 2 . 2 AOE 8 | . . . . 8 . . . . . . . Classes Destroyed 12 | . 2 2 1 6 . . . . 1 . . Worker 4 | . . 1 1 1 . . . . . . 1 Recycler 1 | . . . . 1 . . . . . . . Operator 1 | . . . . 1 . . . . . . . Watcher 2 | . . . . 1 . . . . 1 . . Swarmer 10 | . 3 3 . 4 . . . . . . . Grunt 20 | . 2 . 5 12 . . . . 1 . . Brawler 1 | . . . . 1 . . . . . . . Duelist 1 | . . . . 1 . . . . . . . Protector 1 | . . . . 1 . . . . . . . Sentry 10 | . . 1 1 7 . . . . . . 1 Hunter 2 | . . . 1 1 . . . . . . . Programmer 5 | . . . . . . . . . 2 . 3 Best Kill Streak 11 | . 3 4 4 11 . . . . 2 . 2 Combat Bots Only 8 | . 3 4 3 8 . . . . 2 . 2 Max Kills in Single Turn 4 | . 1 1 2 4 . . . . 1 . 1 Gunslinging . | . . . . . . . . . . . . Exploded 4 | . . . . 4 . . . . . . . Melee 1 | . . . . . . . . . 1 . 1 Uniques/NPCs Destroyed . | . . . . . . . . . . . . Combat | -11 -10 -9 -8 -8 -7 -6 -6 -6 -5 -4 -3 -------- Run | Yrd Mat Mat Mat Sto Fac Fac Was Fac Fac Fac Res Hostile Shots Fired 614 | . 24 69 62 152 1 . . 1 49 . 256 Missed 245 | . 4 21 18 55 1 . . 1 31 . 114 Damage Taken 6395 | . 184 476 590 1613 25 . . . 347 . 3160 Core 1935 | . 32 113 112 272 25 . . . 73 . 1308 Absorbed by Shields . | . . . . . . . . . . . . Core Remaining (%) 84 | 100 87 71 . 30 96 . . 100 92 100 . Volleys Fired 151 | . 13 20 26 71 . . . . 10 . 11 Largest 3 | . 2 2 3 3 . . . . 1 . 1 Hottest 120 | . 55 100 111 120 . . . . 57 . 75 Shots Fired 352 | . 26 38 74 193 . . . . 10 . 11 Gun 317 | . 21 31 74 189 . . . . . . 2 Cannon 31 | . 5 7 . . . . . . 10 . 9 Launcher 4 | . . . . 4 . . . . . . . Special . | . . . . . . . . . . . . Kinetic 252 | . 26 26 52 129 . . . . 10 . 9 Thermal 94 | . . 12 22 60 . . . . . . . Explosive 4 | . . . . 4 . . . . . . . Electromagnetic 2 | . . . . . . . . . . . 2 Robot Hit Streak 13 | . 5 5 9 13 . . . . 8 . 10 Robot Miss Streak 5 | . 3 3 3 5 . . . . . . 2 Penetration Max . | . . . . . . . . . . . . Secondary Targets 4 | . . 1 1 2 . . . . . . . Max Gunslinging Chain 1 | . . 1 1 1 . . . . . . . Shots Hit Robots 252 | . 14 21 46 133 . . . 2 13 . 23 Core Hits 114 | . 6 8 18 65 . . . . 6 . 11 Critical Kills 3 | . . . . 1 . . . . . . 2 Critical Parts Destroyed 4 | . . . . 2 . . . . . . 2 Critical Strikes 18 | . . 1 . 3 . . . 1 2 . 11 Burn 1 | . . 1 . . . . . . . . . Destroy 7 | . . . . 3 . . . . . . 4 Blast 1 | . . . . . . . . . 1 . . Sever 7 | . . . . . . . . 1 1 . 5 Impale 2 | . . . . . . . . . . . 2 Melee Attacks 54 | . . . . . . . . 2 11 . 41 Impact . | . . . . . . . . . . . . Slashing 29 | . . . . . . . . 2 11 . 16 Piercing 25 | . . . . . . . . . . . 25 Sneak Attacks 4 | . . . . . . . . 2 . . 2 Combat Hostiles 1 | . . . . . . . . . . . 1 Follow-up Attacks . | . . . . . . . . . . . . Damage Inflicted 5239 | . 200 337 724 2762 . . . 72 372 . 772 Guns 3172 | . 105 270 719 2078 . . . . . . . Cannons 493 | . 95 67 . . . . . . 213 . 118 Explosions 630 | . . . . 630 . . . . . . . Melee 885 | . . . . . . . . 72 159 . 654 Ramming 59 | . . . 5 54 . . . . . . . Kinetic 2574 | . 200 196 447 1400 . . . . 213 . 118 Thermal 1091 | . . 141 272 678 . . . . . . . Explosive 630 | . . . . 630 . . . . . . . Electromagnetic . | . . . . . . . . . . . . Impact . | . . . . . . . . . . . . Slashing 436 | . . . . . . . . 72 159 . 205 Piercing 449 | . . . . . . . . . . . 449 Highest Corruption 6 | . . . . 6 . . . . 6 . 6 Average Corruption 5 | . . . . 5 . . . . 5 . 5 Corruption Purged . | . . . . . . . . . . . . Corruption Blocked . | . . . . . . . . . . . . Effects 29 | . . . . 9 . . . . 11 . 9 Message Errors 9 | . . . . 3 . . . . 4 . 2 Matter Fused 4 | . . . . . . . . . 2 . 2 Heat Flow Errors 4 | . . . . 2 . . . . . . 2 Energy Discharges 3 | . . . . . . . . . 3 . . Parts Rejected 2 | . . . . . . . . . . . 2 Parts Fused 1 | . . . . 1 . . . . . . . Data Loss (minor) 1 | . . . . . . . . . 1 . . Data Loss (major) 2 | . . . . . . . . . 1 . 1 Misfires 2 | . . . . 2 . . . . . . . Weapon Failures 1 | . . . . 1 . . . . . . . Overload Shots . | . . . . . . . . . . . . Overflow Damage 56 | . . . . 23 . . . . 33 . . Projectiles 33 | . . . . . . . . . 33 . . Explosions 23 | . . . . 23 . . . . . . . Melee . | . . . . . . . . . . . . Knockbacks 9 | . 2 4 . . . . . . 1 . 2 Impact . | . . . . . . . . . . . . Kinetic 8 | . 2 3 . . . . . . 1 . 2 Secondary 1 | . . 1 . . . . . . . . . Self-Inflicted Damage 55 | . . . . 55 . . . . . . . Shots 2 | . . . . 2 . . . . . . . Rammed . | . . . . . . . . . . . . Targets Rammed 13 | . . . 1 12 . . . . . . . Kicked 13 | . . . 1 12 . . . . . . . Crushed . | . . . . . . . . . . . . Highest Temperature 398 | . 16 301 245 210 . . . . 157 2 398 Average Temperature 78 | . 12 158 71 47 . . . . 63 1 97 Received Heat Transfer 1088 | . 42 63 144 675 . . . . 27 . 137 Effects 5 | . . 3 . . . . . . . . 2 Shutdowns 2 | . . . . . . . . . . . 2 Interference 3 | . . 3 . . . . . . . . . Siege Activations . | . . . . . . . . . . . . Robots Corrupted . | . . . . . . . . . . . . Combat Hostiles . | . . . . . . . . . . . . Parts Fried . | . . . . . . . . . . . . Impact Corruptions . | . . . . . . . . . . . . Robots Melted . | . . . . . . . . . . . . Combat Hostiles . | . . . . . . . . . . . . Parts Melted 2 | . . 2 . . . . . . . . . Heat Transferred 2554 | . . 407 592 1555 . . . . . . . Parts Sabotaged . | . . . . . . . . . . . . Parts Stolen . | . . . . . . . . . . . . Parts Stripped . | . . . . . . . . . . . . Power Chain Reactions . | . . . . . . . . . . . . Alert | -11 -10 -9 -8 -8 -7 -6 -6 -6 -5 -4 -3 ------- Run | Yrd Mat Mat Mat Sto Fac Fac Was Fac Fac Fac Res Peak Influence 542 | . 135 193 221 542 322 171 89 167 403 190 363 Initial 214 | . . 56 5 89 214 157 59 62 81 182 99 Average 177 | . 81 104 73 201 253 169 71 123 260 189 231 Maximum Alert Level 2 | . . . 1 2 1 . . . 2 . 1 Low Security (%) 64 | 100 100 100 96 58 . 100 100 100 30 100 35 Level 1 32 | . . . 3 29 100 . . . 68 . 64 Level 2 3 | . . . . 11 . . . . 1 . . Level 3 . | . . . . . . . . . . . . Level 4 . | . . . . . . . . . . . . Level 5 . | . . . . . . . . . . . . High Security . | . . . . . . . . . . . . Max Security . | . . . . . . . . . . . . Squads Dispatched 17 | . . . 3 6 1 . . . 2 1 4 Investigation 4 | . . . . 1 1 . . . 1 1 . Extermination 3 | . . . . . . . . . 1 . 2 Reinforcement 3 | . . . 1 . . . . . . . 2 Assault 2 | . . . . 2 . . . . . . . Garrison 5 | . . . 2 3 . . . . . . . Intercept . | . . . . . . . . . . . . Searches Triggered 1 | . . . . . . . . . 1 . . Construction Impeded . | . . . . . . . . . . . . Haulers Reinforced . | . . . . . . . . . . . . Active Scanning Responses . | . . . . . . . . . . . . Cargo Convoy Interrupts . | . . . . . . . . . . . . Stealth | -11 -10 -9 -8 -8 -7 -6 -6 -6 -5 -4 -3 --------- Run | Yrd Mat Mat Mat Sto Fac Fac Was Fac Fac Fac Res Distress Signals 14 | . . 2 2 3 1 . . . . . 6 Communications Jammed 14 | . . . . . . . . . . . 14 Distress Signals 14 | . . . . . . . . . . . 14 Times Spotted 170 | . 6 13 18 44 6 . 4 4 28 . 47 Peak Tracking Total 13 | . 3 7 5 8 5 . 4 2 7 . 13 Tactical Retreats 23 | . . 1 2 4 2 . . 1 5 . 8 Traps | -11 -10 -9 -8 -8 -7 -6 -6 -6 -5 -4 -3 ------- Run | Yrd Mat Mat Mat Sto Fac Fac Was Fac Fac Fac Res Traps Triggered 10 | . . . . 2 1 1 . . 1 . 5 Indirectly . | . . . . . . . . . . . . Trap Hack Attempts . | . . . . . . . . . . . . Triggered . | . . . . . . . . . . . . Disarmed . | . . . . . . . . . . . . Reprogrammed . | . . . . . . . . . . . . Reused . | . . . . . . . . . . . . Traps Extracted . | . . . . . . . . . . . . Installed . | . . . . . . . . . . . . Triggered . | . . . . . . . . . . . . Machines | -11 -10 -9 -8 -8 -7 -6 -6 -6 -5 -4 -3 ---------- Run | Yrd Mat Mat Mat Sto Fac Fac Was Fac Fac Fac Res Machines Disabled 1 | . . . . 1 . . . . . . . Max in Single Turn 1 | . . . . 1 . . . . . . . Garrison Access 1 | . . . . . . 1 . . . . . Machines Repaired . | . . . . . . . . . . . . Machines Dismantled . | . . . . . . . . . . . . Machines Sabotaged . | . . . . . . . . . . . . Overloaded Fab Kills . | . . . . . . . . . . . . Hacking | -11 -10 -9 -8 -8 -7 -6 -6 -6 -5 -4 -3 --------- Run | Yrd Mat Mat Mat Sto Fac Fac Was Fac Fac Fac Res Machines Accessed 27 | . 1 4 . 6 3 3 . 2 3 1 4 Terminals 24 | . 1 4 . 5 3 1 . 2 3 1 4 Fabricators . | . . . . . . . . . . . . Repair Stations . | . . . . . . . . . . . . Recycling Units 1 | . . . . . . 1 . . . . . Scanalyzers . | . . . . . . . . . . . . Garrison Access 2 | . . . . 1 . 1 . . . . . Total Hacks 42 | . 2 6 . 10 5 4 . 2 5 3 5 Successful 12 | . . 1 . 4 1 2 . . 1 1 2 Failed 30 | . 2 5 . 6 4 2 . 2 4 2 3 Catastrophic 9 | . . 2 . 2 . 1 . 2 1 1 . Database Lockouts . | . . . . . . . . . . . . Manual 15 | . 2 1 . 3 5 . . 2 1 . 1 Terminals 38 | . 2 6 . 8 5 2 . 2 5 3 5 Fabricators . | . . . . . . . . . . . . Repair Stations . | . . . . . . . . . . . . Recycling Units 1 | . . . . . . 1 . . . . . Scanalyzers . | . . . . . . . . . . . . Garrison Access 3 | . . . . 2 . 1 . . . . . Terminal Hacks 11 | . . 1 . 4 1 1 . . 1 1 2 Record 1 | . . . . . . . . . . 1 . Open Door 2 | . . . . 2 . . . . . . . Branch Access Points 1 | . . 1 . . . . . . . . . Locate Traps 1 | . . . . . . . . . 1 . . Investigation Status 1 | . . . . 1 . . . . . . . Registered Components 1 | . . . . . . 1 . . . . . Zone Layout 4 | . . . . 1 1 . . . . . 2 Fabricator Hacks . | . . . . . . . . . . . . Repair Station Hacks . | . . . . . . . . . . . . Recycling Unit Hacks . | . . . . . . . . . . . . Scanalyzer . | . . . . . . . . . . . . Garrison Access Hacks 1 | . . . . . . 1 . . . . . Seal Access 1 | . . . . . . 1 . . . . . Unauthorized Hacks . | . . . . . . . . . . . . Terminals . | . . . . . . . . . . . . Fabricators . | . . . . . . . . . . . . Repair Stations . | . . . . . . . . . . . . Recycling Units . | . . . . . . . . . . . . Scanalyzers . | . . . . . . . . . . . . Garrison Access . | . . . . . . . . . . . . Data Cores Recovered 1 | . . . . 1 . . . . . . . Used . | . . . . . . . . . . . . Hacking Detections 19 | . 1 2 . 4 3 2 . 2 3 1 1 Full Trace Events 4 | . . . . 1 1 . . . 1 1 . Feedback Events . | . . . . . . . . . . . . Feedback Blocked . | . . . . . . . . . . . . Robot Schematics Acquired . | . . . . . . . . . . . . Robots Built . | . . . . . . . . . . . . Authchips . | . . . . . . . . . . . . Time . | . . . . . . . . . . . . Total Robot Build Rating . | . . . . . . . . . . . . Part Schematics Acquired . | . . . . . . . . . . . . Parts Built . | . . . . . . . . . . . . Authchips . | . . . . . . . . . . . . Time . | . . . . . . . . . . . . Total Part Build Rating . | . . . . . . . . . . . . Parts Repaired . | . . . . . . . . . . . . Time . | . . . . . . . . . . . . Parts Recycled . | . . . . . . . . . . . . Recycled Matter . | . . . . . . . . . . . . Retrieved Matter . | . . . . . . . . . . . . Retrieved Components . | . . . . . . . . . . . . Parts Scanalyzed . | . . . . . . . . . . . . Part Schematics Acquired . | . . . . . . . . . . . . Parts Damaged . | . . . . . . . . . . . . Bothacking | -11 -10 -9 -8 -8 -7 -6 -6 -6 -5 -4 -3 ------------ Run | Yrd Mat Mat Mat Sto Fac Fac Was Fac Fac Fac Res Used RIF Installer . | . . . . . . . . . . . . Robots Hacked . | . . . . . . . . . . . . Non-combat . | . . . . . . . . . . . . Combat . | . . . . . . . . . . . . Robot Hacks Applied . | . . . . . . . . . . . . Relay Couplers Released . | . . . . . . . . . . . . Fabnet Peak Effective % . | . . . . . . . . . . . . Robots Rewired . | . . . . . . . . . . . . Allies Hacked . | . . . . . . . . . . . . Hacks Repelled . | . . . . . . . . . . . . Allies | -11 -10 -9 -8 -8 -7 -6 -6 -6 -5 -4 -3 -------- Run | Yrd Mat Mat Mat Sto Fac Fac Was Fac Fac Fac Res Total Allies 2 | . . . . 2 . . . . . . . Largest Group 2 | . . . . 2 . . . . . . . Highest-Rated Group 62 | . . . . 62 . . . . . . . Highest-Rated Ally 31 | . . . . 31 . . . . . . . Total Orders . | . . . . . . . . . . . . Ally Attacks 9 | . . . . 9 . . . . . . . Total Damage 147 | . . . . 147 . . . . . . . Kills 1 | . . . . 1 . . . . . . . Allies Corrupted . | . . . . . . . . . . . . Allies Melted . | . . . . . . . . . . . . Intel | -11 -10 -9 -8 -8 -7 -6 -6 -6 -5 -4 -3 ------- Run | Yrd Mat Mat Mat Sto Fac Fac Was Fac Fac Fac Res Robot Analysis Total . | . . . . . . . . . . . . Derelict Logs Recovered . | . . . . . . . . . . . . Drone Launches 2 | . . . . . . . . . 2 . . Drone Recoveries 1 | . . . . . . . . . 1 . . Exploration | -11 -10 -9 -8 -8 -7 -6 -6 -6 -5 -4 -3 ------------- Run | Yrd Mat Mat Mat Sto Fac Fac Was Fac Fac Fac Res Turns Passed 3838 | 61 213 429 285 1100 140 97 26 271 386 59 771 Spaces Moved 5034 | 41 116 264 94 540 343 278 73 742 796 207 1540 Core 39 | 15 . . . 17 . . . . . . 7 Treads . | . . . . . . . . . . . . Legs 1023 | 26 116 264 94 523 . . . . . . . Wheels . | . . . . . . . . . . . . Hover 110 | . . . . . . . . . . . 110 Flight 3862 | . . . . . 343 278 73 742 796 207 1423 Fastest Speed 25 | 50 120 120 120 50 35 35 35 29 25 28 25 Average Speed 54 | 124 139 127 186 142 35 35 35 33 27 28 30 Slowest Speed 330 | 200 190 190 330 260 35 35 35 35 29 28 150 Overloaded Moves . | . . . . . . . . . . . . Propulsion Burnouts . | . . . . . . . . . . . . Robots Hopped 4 | . . . . . . . . 1 . . 3 Cave-ins Triggered . | . . . . . . . . . . . . Exploration Rate (%) 26 | 4 21 30 8 75 12 8 77 15 22 7 34 Regions Visited 11 Branch Regions 1 Pre-discovered Areas . | . . . . . . . . . . . . Known Exits Taken 4 | . . . . . 1 . . 1 1 1 . Unknown Exits Taken 5 | 1 1 1 1 1 . . . . . . . Scrap Searched . | . . . . . . . . . . . . Spaces Dug 21 | . . . . . . . . . 5 . 16 Terrain Destroyed 45 | . . . . 23 . . . . 6 . 16 Melee 14 | . . . . . . . . . . . 14 Projectile 10 | . . . . 2 . . . . 6 . 2 AOE 21 | . . . . 21 . . . . . . . Terrain Rammed . | . . . . . . . . . . . . Walls Destroyed . | . . . . . . . . . . . . Machines Disabled . | . . . . . . . . . . . . Actions | -11 -10 -9 -8 -8 -7 -6 -6 -6 -5 -4 -3 --------- Run | Yrd Mat Mat Mat Sto Fac Fac Was Fac Fac Fac Res Total 5729 | 48 140 317 146 732 364 278 72 759 924 207 1742 Wait 284 | . 1 7 17 39 . . . 6 101 . 113 Move 5015 | 40 115 263 93 539 342 278 72 739 795 206 1533 Hop 4 | . . . . . . . . 1 . . 3 Pick Up 50 | 2 5 9 2 18 6 . . 1 2 . 5 Fast Attach 51 | 6 1 1 1 12 2 . . 5 4 . 19 Attach 30 | . . 3 4 8 6 . . 3 1 1 4 Detach 6 | . . . . . 3 . . 1 . . 2 Swap 34 | . 4 9 2 14 1 . . . . . 4 Drop 36 | . 1 5 . 19 4 . . 1 . . 6 Fire 151 | . 13 20 26 71 . . . . 10 . 11 Melee 54 | . . . . . . . . 2 11 . 41 Ram . | . . . . . . . . . . . . Kick 13 | . . . 1 12 . . . . . . . Crush . | . . . . . . . . . . . . Escape Stasis 1 | . . . . . . . . . . . 1 Rewire . | . . . . . . . . . . . . Trap . | . . . . . . . . . . . . Miscellaneous . | . . . . . . . . . . . . Route ------- -11/Scrapyard -10/Materials -9/Materials (discovered 2 exits: [*Mat] / Min) -8/Materials -8/Storage -7/Factory -6/Factory -6/Waste -6/Factory (discovered 2 exits: *Fac / *Low) -5/Factory (discovered 2 exits: *Fac / *Upp) -4/Factory -3/Research History --------- Turn | Location | Event 20 | -11/Scrapyard | Discovered new exit (range 16) 62 | -11/Scrapyard | Entered Materials 254 | -10/Materials | Discovered new exit (range 6) 275 | -10/Materials | Entered another Materials area 275 | -9/Materials | Evolved 2 slots: Propulsion x1, Utility x1 315 | -9/Materials | Build established: Mutant 603 | -9/Materials | Identified exit to Mines 649 | -9/Materials | Discovered new exit (range 16) 704 | -9/Materials | Entered another Materials area 704 | -8/Materials | Evolved 2 slots: Utility x1, Weapon x1 829 | -8/Materials | Garrison activated, responded to threat 902 | -8/Materials | Lost 3 parts (1n2u) 919 | -8/Materials | Discovered new exit (range 16) 989 | -8/Materials | Entered Storage 1143 | -8/Storage | Build established: Gunner 1745 | -8/Storage | Garrison activated, responded to threat 1767 | -8/Storage | Lost 3 parts (1p1u1w) 1802 | -8/Storage | Destroyed 8 combat bots 1965 | -8/Storage | Core integrity fell below 50% 2015 | -8/Storage | Met a pair of Derelict thieves 2081 | -8/Storage | Released all parts (6) 2082 | -8/Storage | Discovered new exit (range 15) 2089 | -8/Storage | Entered Factory 2089 | -7/Factory | Evolved 2 slots: Propulsion x1, Utility x1 2099 | -7/Factory | Lost 6 parts (1p1n1u3w) 2221 | -7/Factory | Discovered new exit (range 15) 2228 | -7/Factory | Identified exit to Factory 2229 | -7/Factory | Entered another Factory area 2229 | -6/Factory | Evolved 2 slots: Power x1, Propulsion x1 2326 | -6/Factory | Sucked down chute 2326 | -6/Factory | Entered Waste 2334 | -6/Waste | Spotted C-40 Crusher 2338 | -6/Waste | Spotted C-40 Crusher 2339 | -6/Waste | Spotted C-40 Crusher 2345 | -6/Waste | Spotted C-40 Crusher 2347 | -6/Waste | Discovered new exit (range 14) 2347 | -6/Waste | Spotted C-40 Crusher 2351 | -6/Waste | Identified exit to Factory 2352 | -6/Waste | Entered Factory 2352 | -6/Factory | Discovered new exit (range 10) 2356 | -6/Factory | Identified exit to Lower Caves 2372 | -6/Factory | Build established: Mutant 2398 | -6/Factory | Discovered new exit (range 5) 2399 | -6/Factory | Identified exit to Factory 2623 | -6/Factory | Entered another Factory area 2623 | -5/Factory | Evolved 2 slots: Propulsion x1, Utility x1 2654 | -5/Factory | Discovered new exit (range 6) 2655 | -5/Factory | Identified exit to Upper Caves 2821 | -5/Factory | Build established: Sprinter 2923 | -5/Factory | Search patrols dispatched 3006 | -5/Factory | Discovered new exit (range 8) 3008 | -5/Factory | Identified exit to Factory 3009 | -5/Factory | Entered another Factory area 3009 | -4/Factory | Evolved 2 slots: Utility x2 3061 | -4/Factory | Discovered new exit (range 15) 3068 | -4/Factory | Identified exit to Research 3068 | -4/Factory | Entered Research 3068 | -3/Research | Evolved 2 slots: Propulsion x2 3217 | -3/Research | Assembled infested ambush trap array 3248 | -3/Research | Spotted B-86 Titan 3402 | -3/Research | Spotted B-86 Titan 3544 | -3/Research | Lost 10 parts (2p3n3u2w) 3580 | -3/Research | Found Enh. Force Lance 3721 | -3/Research | Lost 6 parts (2p2n2u) 3776 | -3/Research | Core integrity fell below 50% 3835 | -3/Research | Core integrity fell below 20% 3839 | -3/Research | Destroyed by H-77 Assassin with Coil Gun Last Messages --------------- 03828_ Slug penetrates H-77 Assassin. 03831_ Penetrated by Slug. 03831_ Enh. Force Lance destroyed. 03833_ Imp. Gyrokinetic Inverter destroyed. 03834_ Slug penetrates H-77 Assassin. 03834_ Penetrated by Slug. 03834_ Imp. Gyrokinetic Inverter destroyed. 03834_ S-43 Plague destroyed. 03834_ Critical hit (Destroy). 03834_ Antigrav Array destroyed. 03835_ Penetrated by Slug. 03835_ Slug penetrates Wall. 03836_ Imp. Transmission Jammer destroyed. 03839_ K-01 Serf collects debris. 03839_ Penetrated by Slug. 03839_ Slug penetrates S-43 Plague. 03839_ Penetrated by Slug. 03839_ Slug penetrates S-43 Plague. 03839_ S-43 Plague destroyed. 03839_ Slug penetrates Wall. Map ----- +----------------------------------------------------+ | ?????????????????????????????????????????????????? | | ?????????????????????????????????????????????????? | | ?????????????????????????????????????????????????? | | ?????????????????????????????????????????????????? | | ?????????????????????????????????????????????????? | | ?????????????????????????????????????????????????? | | ?????????????????????????????????????????????????? | | ???????????????????????????????????????????????? ? | | ?????????????????????????????????????????????????? | | ?????????????????????????????????????????????##### | | ???????????????????????????????###########???# | | ???????????????????????????????# #???# | | ???????????????????????????????# #???# " | | ???????????????????????????????# #???# " | | ???????????????????????????????# #???# " | | ???????????????????????????????# #???# | | ???????????????????????????????# #???# | | ???????????????????????????????# #??## | | ????????????????????????????#??# #?#?# | | ??????????????????##??+#############+############# | | ??????????????????H % | | ?????????????????? % % | | ??????????????????? | | ???????????????????? % | | ?????????????????????#" #####k#############/###### | | ?????????????????????#"T#@ s u ;## %# | | ???????????????????????#; =*hh s!### # | | ???????????????????????## %h Y #?#""" # | | ??????????????????????? ; sh]! #?#""" # | | ??????????????????????###[ !! #?#""" # | | ???????????????????????## ! #?# # | | ???????????????????????#; #?# # | | ???????????????????????## ### " | | ????????????????????????###########?########### | | ???????????????????????????????#??????????#???#"## | | ??????????????????????????????????????????##??# #? | | ?????????????????????????????????????????????? #? | | ?????????????????????????????????????????######### | | ?????????????????????????????????????#???# | | ??????????????????????????????????????#??# | | ?????????????????????????????????????????# | | ?????????????????????????????????????????# | | ?????????????????????????????????????????# | | ?????????????????????????????????????????# | | ?????????????????????????????????????????# | | ?????????????????????????????????????????# | | ?????????????????????????????????????????# | | ?????????????????????????????????????#???# | | ?????????????????????????????????????????# | | ?????????????????????????????????????????# | +----------------------------------------------------+ Best States ------------- Heat Dissipation 50 Energy Generation 28 Energy Capacity 360 Matter Stores 300 Matter Capacity 300 Sight Range 20 Terrain Scan Range 16 Terrain Scan Density 10 ECM Strength 1 Jamming Range 14 Armor Coverage 150 Evasion (%) 73 Targeting Accuracy 5 Offensive Hacking 10 Item Schematics ----------------- None Robot Schematics ------------------ None Fabricated ------------ Nothing Alien Tech Used ----------------- None Achievements -------------- No Signal Part-time Excavator Challenges ------------ None Game ------ Seed KineticMetafieldRouter Manual? 0 Play Time 01:24:31 Cumulative 21.6 hours Start 2024.07.02 @ 23:16:01 End 2024.07.03 @ 00:47:58 Sessions 1 Manual Loads 0 Difficulty Rogue Special Mode None Game No. 19 Rogue 19 Adventurer 0 Explorer 0 Win Type - Total 0 Types 0/0/0/0/0/0/0/0/0 Lore% 7 Gallery% 28 Achievement% 19 Wizard Run 0 Options --------- Layout 1 ASCII 0 Keyboard 1 Movement Numpad Keybinds 1 Fullscreen 1 Font 24/Smallcaps Map View 50x35 Zoom Use 0% Tactical HUD 1 Map Filters NONE Filters NONE Steam 1 RUN: c165fa08-4cb9-4cfb-873a-fe10729478fc